AoeStats
← 76561199122638748

Arena

510760080Analyzed
4v4 RM · 12h ago on Oct 2, 2026· 30m 27s· 8 players
Game mode
Random Map
Map size
Large (8 player)
Population
200
Speed
Normal
Resources
Standard
Victory
Conquest
Starting age
Dark Age
Ending age
Imperial Age
RankedLock teamsTeams togetherTeam positionsShared explorationLock speedFull tech treeHidden civsTurbo modeCheats
Victory
Defeat
🇲🇽 Burmese · Mexico
1057
+19
🇩🇪 Britons · Germany
1055
+19
🇧🇪 Italians · Belgium
1049
+19
🇧🇷 Cumans · Brazil
1015
+20
🇨🇳 Koreans · China
1167
-22
🇨🇳 Franks · China
1120
-19
🇨🇳 Poles · China
1092
-18
🇹🇼 Britons · Taiwan
1083
-18
雪风
10:11 Feudal Age
10:40 Double-Bit Axe
17:00 Castle Age
15:28 Stone Mining
16:46 Gold Mining
18:29 Stone Shaft Mining
18:07 Bow Saw
17:56 Horse Collar
20:47 Bloodlines
19:58 Light Cavalry
21:25 Ballistics
21:26 Husbandry
21:14 Loom
22:32 Murder Holes
23:03 Fletching
23:15 Treadmill Crane
23:53 Heavy Plow
25:14 Wheelbarrow
27:10 Hand Cart
gina2620
10:32 Feudal Age
15:03 Castle Age
13:12 Double-Bit Axe
13:42 Horse Collar
23:01 Bow Saw
ouujkj
7:08 Loom
10:24 Feudal Age
12:30 Double-Bit Axe
15:05 Castle Age
14:00 Horse Collar
16:23 Bow Saw
20:00 Elite Skirmisher
24:24 Wheelbarrow
26:42 Fletching
76561199122638748
11:25 Feudal Age
16:48 Castle Age
14:50 Double-Bit Axe
16:34 Gold Mining
18:31 Bow Saw
20:50 Loom
24:25 Gold Shaft Mining
26:26 Wheelbarrow
29:24 Imperial Age
27:41 Forging
27:37 Scale Barding Armor
26:54 Pikeman
27:48 Stone Mining
30:09 Iron Casting
30:33 Chain Barding Armor
29:41 Cavalier
victor_gt784
10:45 Feudal Age
16:10 Castle Age
18:41 Horse Collar
21:19 Heavy Plow
22:00 Forging
23:07 Bloodlines
23:35 Husbandry
30:38 Iron Casting
30:10 Scale Barding Armor
vandut92
3:32 Loom
11:01 Feudal Age
9:19 Loom
12:19 Wheelbarrow
14:10 Loom
16:40 Castle Age
14:43 Double-Bit Axe
14:45 Horse Collar
15:02 Gold Mining
17:16 Elite Skirmisher
19:38 Fletching
22:08 Ballistics
22:09 Bow Saw
22:13 Fortified Wall
22:15 Bodkin Arrow
22:53 Town Watch
24:46 Heavy Plow
29:41 Hand Cart
30:07 Padded Archer Armor
32:59 Imperial Age
30:40 Gold Mining
heimann.jakob
9:27 Feudal Age
14:06 Castle Age
13:24 Horse Collar
13:53 Double-Bit Axe
17:53 Gold Mining
22:36 Wheelbarrow
27:37 Gold Shaft Mining
27:13 Heavy Plow
27:26 Bow Saw
27:11 Stone Mining
30:59 Imperial Age
29:02 Hand Cart
30:09 Fletching
30:20 Padded Archer Armor
31:05 Yeomen
xX_Miliano_Xx
0:28 Loom
12:36 Feudal Age
13:32 Horse Collar
13:41 Double-Bit Axe
16:22 Wheelbarrow
15:40 Gold Mining
20:06 Fletching
20:40 Padded Archer Armor
23:03 Scale Mail Armor
27:20 Castle Age
28:27 Hand Cart
28:15 Heavy Plow
28:31 Bow Saw
27:46 Crossbowman
27:57 Capped Ram
28:47 Pikeman
30:31 Bodkin Arrow
30:52 Leather Archer Armor
30:00 Elite Skirmisher
Connection lost

Rejoining the realm…

Still unreachable

The connection could not be restored.

Session expired

The server has moved on; the page needs a fresh start.